 Dungeon Crawl Stone Soup version 0.23.1 (webtiles) character file.

Game seed: 3696396964482522329

95 Kairos the Sneak (level 4, -1/23 HPs)
             Began as a Vine Stalker Assassin on Mar 7, 2019.
             Slain by Crazy Yiuf
             ... wielding a +2 quarterstaff of chaos
              (5 damage)
             ... on level 2 of the Dungeon.
             The game lasted 00:04:21 (1100 turns).

Kairos the Sneak (Vine Stalker Assassin)            Turns: 1100, Time: 00:04:21

Health: -1/23      AC:  3    Str: 15    XL:     4   Next: 65%
Magic:  0/5        EV: 12    Int: 11    God:
Gold:   100        SH:  0    Dex: 15    Spells: 3/3 levels left

rFire    . . .     SeeInvis .   a - +2 dagger
rCold    . . .     Gourm    .   (no shield)
rNeg     . . .     Faith    .   c - +0 robe
rPois    .         Spirit   +   (no helmet)
rElec    .         Reflect  .   d - +0 cloak
rCorr    .         Harm     .   (no gloves)
MR       .....                  (no boots)
Stlth    +++.......             (no amulet)
HPRegen  0.47/turn              (no ring)
MPRegen  0.09/turn              (no ring)

@: no status effects
A: fangs 2, regeneration 1, magic shield, antimagic bite, no potion heal 3, rot
immunity
a: no special abilities


You were on level 2 of the Dungeon.
You were not hungry.

You visited 1 branch of the dungeon, and saw 2 of its levels.

You collected 100 gold pieces.

Inventory:

Hand Weapons
 a - a +2 dagger (weapon)
 b - a +0 blowgun
Missiles
 e - 41 poisoned needles
 f - 2 curare-tipped needles
Armour
 c - a +0 robe (worn)
 d - a +0 cloak (worn)
Scrolls
 i - 2 scrolls of magic mapping
 j - a scroll of identify
 l - a scroll of enchant weapon {unknown}
 m - a scroll of teleportation {unknown}
 n - a scroll of fog {unknown}
 o - a scroll of remove curse {unknown}
Potions
 h - 5 potions of lignification
 k - 2 potions of curing {unknown}
 p - a potion of flight {unknown}
Comestibles
 g - 3 rations
 q - 2 chunks of flesh


   Skills:
 + Level 2.0 Fighting
 + Level 2.5 Short Blades
 + Level 1.8 Throwing
 + Level 0.9 Dodging
 + Level 6.7 Stealth


You had 3 spell levels left.
You didn't know any spells.
Your spell library was empty.

Dungeon Overview and Level Annotations

Branches:
Dungeon (2/15)

Altars:
Fedhas

Annotations:
D:2 Crazy Yiuf


Innate Abilities, Weirdness & Mutations

You have extremely sharp teeth.
Your natural rate of healing is unusually fast.
When hurt, damage is shared between your health and your magic reserves.
Your bite disrupts and absorbs the magic of your enemies.
Potions cannot restore your health.
You are immune to rotting.


Message History

You hit Crazy Yiuf. Your bite misses Crazy Yiuf.
Crazy Yiuf is heavily wounded.
Crazy Yiuf hits you with a +2 quarterstaff of chaos!
Crazy Yiuf freezes you.
You closely miss Crazy Yiuf. You bite Crazy Yiuf. You drain his power.
You feel invigorated.
Crazy Yiuf is severely wounded.
Crazy Yiuf hits you with a +2 quarterstaff of chaos!
* * * LOW HITPOINT WARNING * * *
Crazy Yiuf draws strength from your wounds!
You barely miss Crazy Yiuf. You bite Crazy Yiuf. You drain his power.
You feel invigorated.
Crazy Yiuf is heavily wounded.
Crazy Yiuf barely misses you.
You closely miss Crazy Yiuf. Your bite misses Crazy Yiuf.
Crazy Yiuf is heavily wounded.
You closely miss Crazy Yiuf. You bite Crazy Yiuf, but do no damage.
Crazy Yiuf is heavily wounded.
Crazy Yiuf hits you with a +2 quarterstaff of chaos!
You die...

..## #...## #..# #....#
...#####....#
........##### ......†.#
...#...## )....#.#####
### ##..##....P##
###..)#
...###....#P####@g...#
#######...PP.#..##...#
............#.### ###
######..####### # #..#
# #..########### ####
#.......##...##
...###....)........#
##.....####..÷####.####


You could see Crazy Yiuf.

Vanquished Creatures
  Jessica (D:2)
  A worker ant (D:2)
  An adder (D:2)
  A dart slug (D:1)
  4 bats
  3 giant cockroaches
  A goblin (D:2)
  3 hobgoblins (D:1)
  4 jackals
  A ball python (D:1)
  A frilled lizard (D:2)
  2 kobolds (D:1)
  A quokka skeleton (D:2)
  16 rats
  A fungus (D:2)
41 creatures vanquished.

Notes
Turn   | Place    | Note
-------+----------+-------------------------------------------
     0 | D:1      | Kairos the Vine Stalker Assassin began the quest for the
                  | Orb.
     0 | D:1      | Reached XP level 1. HP: 11/11 MP: 2/2
    23 | D:1      | Reached skill level 5 in Stealth
    32 | D:1      | Reached XP level 2. HP: 15/15 MP: 3/3
   473 | D:1      | Reached XP level 3. HP: 16/18 MP: 4/4
   639 | D:2      | Noticed Jessica
   689 | D:2      | Found a blossoming altar of Fedhas.
   708 | D:2      | Reached skill level 6 in Stealth
   804 | D:2      | Gained mutation: Your natural rate of healing is unusually
                  | fast. [Vine Stalker growth]
   804 | D:2      | Reached XP level 4. HP: 23/23 MP: 5/5
   895 | D:2      | Killed Jessica
  1086 | D:2      | Found a runed translucent door.
  1087 | D:2      | Noticed Crazy Yiuf
  1100 | D:2      | Slain by Crazy Yiuf

Skill      XL: |  1  2  3  4 |
---------------+-------------+-----
Stealth        | 5 6 |  6.7
Short Blades   | 2 |  2.5
Fighting       | 2 |  2.0
Throwing       | |  1.8
Dodging        | |  0.9

Action                   |  1- 3 |  4- 6 || total
-------------------------+-------+-------++-------
Melee: Dagger            |    57 |    51 ||   108
       Bite              |    13 |    21 ||    34
  Use: Scroll            |     1 |     1 ||     2
 Stab: Sleeping          |     8 |     1 ||     9
  Eat: Chunk             |       |     1 ||     1
Armor: Robe              |     8 |    13 ||    21
Dodge: Dodged            |    24 |    29 ||    53
